 Dungeon Crawl Stone Soup version 0.31-a0-210-gccc998df9b (webtiles) character file.

Game seed: 12486368999384769438

8430 qw the Skirmisher (level 11, -3/71 HPs)
             Began as a Gargoyle Hexslinger on June 30, 2023.
             Was a Priest of Okawaru.
             Slain by a torpor snail (8 damage)
             ... on level 10 of the Dungeon.
             The game lasted 00:04:11 (7727 turns).

qw the Skirmisher (Gargoyle Hexslinger)             Turns: 7727, Time: 00:04:12

Health: -3/71      AC: 17    Str: 12    XL:     11   Next: 30%
Magic:  14/14      EV: 19    Int: 14    God:    Okawaru [***...]
Gold:   758        SH:  0    Dex: 22    Spells: 11/12 levels left

rFire   . . .        Y - +0 orcbow
rCold   . . .        (shield currently unavailable)
rNeg    + . .        t - +0 troll leather armour
rPois   inf          j - +0 helmet
rElec   +            (no cloak)
rCorr   .            a - +0 pair of gloves
SInv    .            h - +0 pair of boots
Will    .....        f - amulet of regeneration
Stlth   +++          k - +6 ring of dexterity
HPRegen 1.91/turn    (no ring)
MPRegen 0.14/turn

%: no passive effects
@: heroic, slowed, very slow
A: sickness immunity, AC +8, negative energy resistance 1, electricity
resistance, torment resistance 1, petrification resistance, mutation resistance
1
a: Renounce Religion, Heroism


You were on level 10 of the Dungeon.
You worshipped Okawaru.
Okawaru was most pleased with you.
You visited 2 branches of the dungeon, and saw 11 of its levels.

You collected 758 gold pieces.


Innate Abilities, Weirdness & Mutations

You are immune to sickness and miasma.
Your stone body is resilient. (AC +8)
You are immune to poison.
You resist negative energy. (rN+)
You are resistant to electric shocks. (rElec)
You are resistant to unholy torment.
You are immune to petrification.
You are somewhat resistant to further mutation.


   Skills:
 - Level 9.1(14.1) Fighting
 + Level 13.0(18.0) Ranged Weapons
 - Level 4.0(9.0) Armour
 - Level 5.0(10.0) Dodging
 - Level 1.0 Spellcasting
 - Level 2.6 Hexes
 - Level 4.1 Invocations


You had 11 spell levels left.
You knew the following spells:

 Your Spells              Type           Power      Damage    Failure   Level
a - Slow                  Hex            32%        N/A       11%         1

Your spell library contained the following spells:

 Spells                   Type           Power      Damage    Failure   Level
 Inner Flame              Hex/Fire       4%         N/A       50%         3
 Portal Projectile        Hex/Tloc       8%         N/A       50%         3
 Cause Fear               Hex            4%         N/A       71%         4

Inventory:

Hand Weapons
 Y - a +0 orcbow (weapon)
Armour
 a - a +0 pair of gloves (worn)
 h - a +0 pair of boots (worn)
 j - a +0 helmet (worn)
 t - a +0 troll leather armour (worn)
Jewellery
 f - an amulet of regeneration (around neck)
 k - a +6 ring of dexterity (left hand)
Scrolls
 i - a scroll of identify
Potions
 b - 2 potions of enlightenment
 l - a potion of mutation
 m - 3 potions of heal wounds
 o - 5 potions of curing
 p - a potion of might
 q - a potion of cancellation
 r - a potion of magic

Dungeon Overview and Level Annotations

Branches:
Dungeon (10/15)            Temple (0/1) D:6            Lair (1/5) D:10
    Orc (0/2) D:9

Altars:
Ashenzari
Cheibriados
Dithmenos
Kikubaaqudgha
Makhleb
Okawaru
Sif Muna
Trog
Vehumet
Xom
Yredelemnul
Zin
The Shining One

Shops:
D:9 [(   D:10 [


Message History

The cane toad barely misses you. The cane toad completely misses you.
The yak closely misses you. The cane toad barely misses you.
The cane toad stings you!
7724 ||| STAIRDANCE Magic restored.
The yak barely misses you. The cane toad stings you!
The cane toad completely misses you. The yak completely misses you.
You climb upwards.
Welcome back to the Dungeon!
There is a staircase to the Lair here.
Enter note:
Enter note:
Enter note:
Enter note:
Enter note:
Enter note:
Enter note:
Enter note:
Enter note:
Enter note:
Enter note:
Enter note:
Enter note:
Enter note:
Enter note:
Enter note:
Enter note:
Enter note:
Enter note:
Enter note:
Enter note: You shoot an arrow.
The arrow hits the cane toad but does no damage.
The cane toad is almost dead.
The cane toad stings you! The cane toad stings you.
The torpor snail misses you. The cane toad closely misses you.
The cane toad barely misses you. The yak completely misses you.
You shoot an arrow. The arrow hits the cane toad!
You kill the cane toad!
Okawaru accepts your kill. The cane toad stings you! The yak gores you!
The torpor snail bites you!
You die...

..###...##.....#..........#......
..#.#'''#......'..........#......
###..).........######..##.##..##.
....#)##'##.......###..##.##..###
....+.....'.......#...........#..
....#.....#.......#...........'..
....#####.#.......#######.#####..
##### ########### ######### ##@Y#
### ####.#### ### #w.F###.#
#.#...#.# ####.#
###....####........ #...####
######............ .###...###
#.#.##......%[.... .# ####..####
##.......%...#...## ##
#.....###........###.##...#
###.........###.#..####.###
#.#####.####..##.# ##..#


You could see a torpor snail, a yak and a cane toad.

Vanquished Creatures
  Amaemon (D:8)
  Joseph (D:8)
  2 cane toads
  Maggie (D:9)
  An unseen horror (D:10)
  An orange demon (D:8)
  2 komodo dragons (D:10)
  2 trolls
  Prince Ribbit (D:5)
  A hornet (D:9)
  A shadow (D:10)
  2 wyverns (D:10)
  3 basilisks (D:10)
  3 wraiths
  A steam dragon (D:9)
  3 water moccasins
  2 black bears (D:9)
  Duvessa (D:5)
  A swamp drake (D:10)
  An ice beast (D:6)
  2 orc warriors
  An ogre (D:7)
  2 centaurs
  2 phantoms
  A kobold brigand (D:9)
  Blork the orc (D:6)
  3 bullfrogs (D:7)
  A gnoll sergeant (D:9)
  5 scorpions
  Dowan (D:5)
  7 wights
  5 killer bees (D:9)
  5 hounds
  2 jellies
  3 orc priests
  A gnoll bouda (D:5)
  A sleepcap (D:7)
  Terence (D:3)
  3 iguanas (D:5)
  9 orc wizards
  12 gnolls
  10 adders
  A white imp (D:8)
  An ufetubus (D:5)
  2 worms
  2 dart slugs
  24 orcs
  7 ball pythons
  11 endoplasms
  3 giant cockroaches
  3 goblins
  15 hobgoblins
  7 jackals (D:2)
  3 quokkas
  7 bats
  3 frilled lizards
  5 kobolds
  8 rats
211 creatures vanquished.

Notes
Turn   | Place    | Note
-------+----------+-------------------------------------------
     0 | D:1      | qw the Gargoyle Hexslinger began the quest for the Orb.
     0 | D:1      | Reached XP level 1. HP: 12/12 MP: 2/2
     0 | D:1      | 0 ||| qw: Version: 0.3-a-24-ga2abf7b
     0 | D:1      | 0 ||| qw: Game counter: 7065
     0 | D:1      | 0 ||| qw: Melee chars always use a shield: true
     0 | D:1      | 0 ||| qw: God list: Okawaru
     0 | D:1      | 0 ||| qw: Allow faded altars: false
     0 | D:1      | 0 ||| qw: Do Orc after clearing Dungeon:15 true
     0 | D:1      | 0 ||| qw: Do second Lair branch before Depths: true
     0 | D:1      | 0 ||| qw: Lair rune preference: random
     0 | D:1      | 0 ||| qw: Goals: Normal
     0 | D:1      | 0 ||| PLANNING D:1-11
    79 | D:1      | 79 ||| FLEEEEING.
    80 | D:1      | 80 ||| FLEEEEING.
    81 | D:1      | 81 ||| FLEEEEING.
    82 | D:1      | 82 ||| FLEEEEING.
    83 | D:1      | 83 ||| FLEEEEING.
   205 | D:1      | Reached XP level 2. HP: 16/16 MP: 3/3
   241 | D:1      | Reached skill level 3 in Ranged Weapons
   448 | D:1      | 448 ||| UPGRADING to +0 ring mail.
   458 | D:1      | 458 ||| DROPPING +0 robe.
   459 | D:1      | 459 ||| UPGRADING to +0 helmet.
   464 | D:1      | 464 ||| UPGRADING to amulet of regeneration.
   469 | D:1      | 469 ||| UPGRADING to +6 ring of dexterity.
   470 | D:1      | 470 ||| READING scroll labelled JIHEWI JECY.
   471 | D:1      | 471 ||| READING scroll labelled HIODGH ZINOMN.
   472 | D:1      | 472 ||| READING scroll labelled USIXUL ATUW.
   473 | D:1      | 473 ||| DROPPING scroll of poison.
   552 | D:2      | Reached XP level 3. HP: 21/21 MP: 4/4
   569 | D:2      | Reached skill level 1 in Armour
   894 | D:2      | Reached XP level 4. HP: 26/26 MP: 5/5
   946 | D:2      | 946 ||| UPGRADING to +0 pair of gloves.
   953 | D:2      | 953 ||| UPGRADING to +0 pair of boots.
  1017 | D:2      | Reached skill level 4 in Ranged Weapons
  1169 | D:2      | 1169 ||| READING scroll labelled AWNAL VUMA.
  1170 | D:2      | 1170 ||| DRINKING 2 fuming emerald potions.
  1301 | D:3      | Found a shadowy altar of Dithmenos.
  1305 | D:3      | Found an ancient bone altar of Kikubaaqudgha.
  1311 | D:3      | Reached XP level 5. HP: 30/30 MP: 6/6
  1314 | D:3      | Reached skill level 5 in Ranged Weapons
  1327 | D:3      | Found a shimmering blue altar of Sif Muna.
  1327 | D:3      | Found an iron altar of Okawaru.
  1328 | D:3      | 1328 ||| PLANNING OKAWARU WORSHIP
  1336 | D:3      | Became a worshipper of Warmaster Okawaru
  1337 | D:3      | 1337 ||| PLANNING D:1-11
  1360 | D:3      | 1360 ||| FLEEEEING.
  1489 | D:3      | Found a radiant altar of Vehumet.
  1491 | D:3      | Noticed Terence
  1512 | D:3      | Killed Terence
  1513 | D:3      | Reached skill level 3 in Fighting
  1600 | D:3      | Found a shimmering altar of Xom.
  1664 | D:3      | Reached XP level 6. HP: 37/37 MP: 7/7
  1781 | D:3      | 1781 ||| DROPPING amulet of the acrobat.
  1782 | D:3      | 1782 ||| READING scroll labelled WEACVOWADDO.
  1786 | D:3      | 1786 ||| READING scroll labelled WUYPHE FINOGAJ.
  1787 | D:3      | 1787 ||| READING 2 scrolls of identify.
  1787 | D:3      | 1787 ||| IDENTIFYING clear potion
  1944 | D:4      | Reached skill level 6 in Ranged Weapons
  2038 | D:4      | 2038 ||| DRINKING potion of curing.
  2038 | D:4      | 2038 ||| (to cure confusion)
  2348 | D:4      | Reached * piety under Okawaru
  2349 | D:4      | Reached XP level 7. HP: 32/42 MP: 8/8
  2388 | D:4      | 2388 ||| READING scroll labelled QAXZEE BIST.
  2389 | D:4      | 2389 ||| READING scroll labelled ACEULAMECA.
  2390 | D:4      | 2390 ||| DRINKING 2 metallic yellow potions.
  2413 | D:5      | Entered Level 5 of the Dungeon
  2432 | D:5      | Found a snail-covered altar of Cheibriados.
  2497 | D:5      | Noticed Prince Ribbit
  2498 | D:5      | 2498 ||| INVOKING Heroism.
  2516 | D:5      | Killed Prince Ribbit
  2618 | D:5      | Reached skill level 1 in Invocations
  2665 | D:5      | 2665 ||| INVOKING Heroism.
  2692 | D:5      | 2692 ||| INVOKING Heroism.
  2697 | D:5      | Reached XP level 8. HP: 50/50 MP: 6/9
  2710 | D:5      | 2710 ||| INVOKING Heroism.
  2727 | D:5      | 2727 ||| INVOKING Heroism.
  2741 | D:5      | Reached skill level 3 in Invocations
  2801 | D:5      | Noticed Duvessa
  2802 | D:5      | 2802 ||| INVOKING Heroism.
  2802 | D:5      | Noticed Dowan
  2819 | D:5      | Killed Duvessa
  2820 | D:5      | Reached skill level 7 in Ranged Weapons
  2823 | D:5      | 2823 ||| INVOKING Heroism.
  2829 | D:5      | Killed Dowan
  2979 | D:5      | Identified the +0 ring mail of Aracayna {rPois rC+ Int+4}
  3115 | D:5      | 3115 ||| INVOKING Heroism.
  3273 | D:5      | 3273 ||| INVOKING Heroism.
  3311 | D:5      | 3311 ||| UPGRADING to +1 ring mail of positive energy.
  3321 | D:5      | 3321 ||| DROPPING +0 ring mail.
  3322 | D:5      | 3322 ||| UPGRADING to +0 ring mail of Aracayna {rPois rC+
                  | Int+4}.
  3332 | D:5      | 3332 ||| DROPPING +1 ring mail of positive energy.
  3333 | D:5      | 3333 ||| UPGRADING to +0 troll leather armour.
  3343 | D:5      | 3343 ||| DROPPING +0 ring mail of Aracayna {rPois rC+
                  | Int+4}.
  3344 | D:5      | 3344 ||| READING scroll labelled UGIOZXOHA.
  3345 | D:5      | 3345 ||| READING scroll labelled XEICKECYULO.
  3446 | D:5      | 3446 ||| DRINKING 2 fuming silvery potions.
  3446 | D:5      | Gained mutation: You are somewhat resistant to further
                  | mutation. [potion of mutation]
  3538 | D:6      | 3538 ||| INVOKING Heroism.
  3541 | D:6      | Reached skill level 8 in Ranged Weapons
  3611 | D:6      | Found a staircase to the Ecumenical Temple.
  3624 | D:6      | 3624 ||| INVOKING Heroism.
  3724 | D:6      | Reached XP level 9. HP: 54/54 MP: 12/12
  3915 | D:6      | Noticed Blork the orc
  3916 | D:6      | 3916 ||| INVOKING Heroism.
  3924 | D:6      | Killed Blork the orc
  3925 | D:6      | Reached skill level 9 in Ranged Weapons
  4198 | D:6      | 4198 ||| READING 3 scrolls of identify.
  4198 | D:6      | 4198 ||| IDENTIFYING cyan potion
  4199 | D:6      | 4199 ||| READING 2 scrolls of identify.
  4199 | D:6      | 4199 ||| IDENTIFYING lumpy yellow potion
  4200 | D:6      | 4200 ||| DROPPING potion of berserk rage.
  4201 | D:6      | 4201 ||| DROPPING potion of degeneration.
  4237 | D:7      | Reached skill level 3 in Dodging
  4264 | D:7      | 4264 ||| SWAPPING to +0 orcbow.
  4265 | D:7      | 4265 ||| DROPPING +2 sling.
  4289 | D:7      | 4289 ||| INVOKING Heroism.
  4291 | D:7      | Reached skill level 6 in Fighting
  4318 | D:7      | Found a broken altar of Ashenzari.
  4394 | D:7      | 4394 ||| INVOKING Heroism.
  4429 | D:7      | Reached skill level 10 in Ranged Weapons
  4543 | D:7      | Reached ** piety under Okawaru
  4544 | D:7      | Reached skill level 3 in Armour
  4551 | D:7      | 4551 ||| INVOKING Heroism.
  4666 | D:7      | 4666 ||| READING 2 scrolls of identify.
  4666 | D:7      | 4666 ||| IDENTIFYING dark potion
  4667 | D:7      | 4667 ||| DROPPING potion of attraction.
  4714 | D:8      | Noticed Amaemon
  4714 | D:8      | Noticed an orange demon
  4715 | D:8      | 4715 ||| INVOKING Heroism.
  4716 | D:8      | 4716 ||| Stepping ~*~*~tactically~*~*~ (outnumbered).
  4726 | D:8      | Killed an orange demon
  4735 | D:8      | 4735 ||| INVOKING Heroism.
  4748 | D:8      | HP: 14/57 [Amaemon/+1 demon whip of venom (1)]
  4752 | D:8      | Killed Amaemon
  4753 | D:8      | Reached skill level 11 in Ranged Weapons
  4753 | D:8      | Reached XP level 10. HP: 22/63 MP: 11/13
  4809 | D:8      | You fall into a shaft and drop 2 floors!
  4809 | D:10     | Entered Level 10 of the Dungeon
  4810 | D:10     | 4810 ||| READING scroll labelled FAOSTI OFRUD.
  4811 | D:10     | 4811 ||| READING 2 scrolls of identify.
  4811 | D:10     | 4811 ||| IDENTIFYING silvery potion
  4812 | D:10     | 4812 ||| DROPPING potion of invisibility.
  4880 | D:9      | Noticed Maggie
  4899 | D:9      | 4899 ||| INVOKING Heroism.
  4906 | D:9      | Killed Maggie
  4991 | D:8      | Noticed Joseph
  4994 | D:8      | 4994 ||| FLEEEEING.
  5001 | D:8      | 5001 ||| INVOKING Heroism.
  5012 | D:8      | Killed Joseph
  5288 | D:8      | Found a burning altar of Makhleb.
  5569 | D:8      | 5569 ||| DROPPING +6 ring of intelligence.
  5570 | D:8      | 5570 ||| READING scroll labelled KUPHIDO WEYSH.
  5646 | D:9      | 5646 ||| INVOKING Heroism.
  5673 | D:9      | Found Putzuik's Armour Shop.
  5678 | D:9      | Found a staircase to the Orcish Mines.
  5680 | D:9      | Found Moziebb's Weapon Shop.
  5695 | D:9      | 5695 ||| SHOPLISTING +8 sling of Gloom {drain, rF++ Will+
                  | Str+2 Dex+2} (974 gold, have 588).
  5888 | D:9      | Reached *** piety under Okawaru
  5938 | D:9      | Found a bloodstained altar of Trog.
  5986 | D:9      | 5986 ||| INVOKING Heroism.
  5993 | D:9      | Reached skill level 12 in Ranged Weapons
  6015 | D:9      | 6015 ||| INVOKING Heroism.
  6449 | D:9      | 6449 ||| DRINKING 2 puce potions.
  6450 | D:9      | 6450 ||| READING 2 scrolls of identify.
  6450 | D:9      | 6450 ||| IDENTIFYING black potion
  6451 | D:9      | 6451 ||| DROPPING potion of brilliance.
  6568 | D:10     | 6568 ||| INVOKING Heroism.
  6622 | D:10     | 6622 ||| INVOKING Heroism.
  6692 | D:10     | Killed an unseen horror
  6693 | D:10     | Reached skill level 13 in Ranged Weapons
  6693 | D:10     | Reached XP level 11. HP: 64/68 MP: 14/14
  6773 | D:10     | 6773 ||| INVOKING Heroism.
  6792 | D:10     | Found a basalt altar of Yredelemnul.
  6820 | D:10     | Found a glowing golden altar of the Shining One.
  6822 | D:10     | Noticed an angel
  6893 | D:10     | Found Verphiunk's Antique Armour Shop.
  6895 | D:10     | 6895 ||| Stepping ~*~*~tactically~*~*~ (outnumbered).
  6897 | D:10     | 6897 ||| Stepping ~*~*~tactically~*~*~ (outnumbered).
  6925 | D:10     | 6925 ||| SHOPLISTING +4 moon troll leather armour {Spirit,
                  | Regen++ MP+5} (1580 gold, have 699).
  6953 | D:10     | Found a glowing silver altar of Zin.
  7359 | D:10     | 7359 ||| INVOKING Heroism.
  7368 | D:10     | Reached skill level 9 in Fighting
  7381 | D:10     | 7381 ||| INVOKING Heroism.
  7446 | D:10     | 7446 ||| INVOKING Heroism.
  7468 | D:10     | Found a staircase to the Lair.
  7627 | D:10     | 7627 ||| PLANNING LAIR
  7627 | D:10     | 7627 ||| DRINKING 4 orange potions.
  7628 | D:10     | 7628 ||| DRINKING 2 bubbling silvery potions.
  7646 | D:10     | 7646 ||| READING 3 scrolls of identify.
  7646 | D:10     | 7646 ||| IDENTIFYING purple potion
  7647 | D:10     | 7647 ||| READING 2 scrolls of identify.
  7647 | D:10     | 7647 ||| IDENTIFYING bubbling sapphire potion
  7648 | D:10     | 7648 ||| DROPPING potion of ambrosia.
  7649 | D:10     | 7649 ||| DROPPING potion of lignification.
  7709 | Lair:1   | Entered Level 1 of the Lair of Beasts
  7710 | Lair:1   | 7710 ||| INVOKING Heroism.
  7724 | Lair:1   | 7724 ||| STAIRDANCE
  7727 | D:10     | HP: 16/71 [cane toad (8)]
  7727 | D:10     | HP: 5/71 [yak[a torpor snail] (11)]
  7727 | D:10     | Slain by a torpor snail

Levels and vault maps discovered:
D:1:      psy_arrival_whirlpool, layout_rooms, minmay_misc_feat_five
D:2:      layout_basic, minmay_randomly_rotated_circles
D:3:      layout_loops_ring, grunt_temple_overflow_open, vehumet_altar_wand_db,
          xom_butterflies, uniq_terence
D:4:      layout_gridville, st_stairs_8
D:5:      layout_gridville, cheibrodos_worm_habitat, uniq_duvessa,
          uniq_prince_ribbit1
D:6:      layout_loops_cross, minmay_temple_entry_nine_rooms,
          amcnicky_mini_pool_small, uniq_blork_the_orc
D:7:      layout_rooms, ashenzari_conservatory_becter, st_stairs_10
D:8:      layout_gridville, mainiacjoe_overflow_alcove_4, uniq_joseph,
          uniq_amaemon
D:9:      layout_grid_maze, trog_ov_bears_minmay, orc_david_3, uniq_maggie
D:10:     layout_gridville, grunt_temple_overflow_holy_war, zin_statuary,
          erik_lair_dragon, minmay_misc_feat_x, kennysheep_windowed_goal
Lair:1:   layout_layer_cave, beast_lair_carwin_4, grunt_megastairs_4, uniq_erica

Skill      XL: |  1  2  3  4  5  6  7  8  9 10 11 |
---------------+----------------------------------+-----
Ranged Weapons | 3 4 5 6 8 11 13 | 13.0
Fighting       | 2 3 5 7 8 9 |  9.1
Armour         | 1 2 3 4 |  4.0
Invocations    | 2 4 |  4.1
Dodging        | 2 3 4 5 |  5.0
Spellcasting   | |  1.0
Hexes          | |  2.6

Action                     |  1- 3 |  4- 6 |  7- 9 | 10-12 || total
---------------------------+-------+-------+-------+-------++-------
   Fire: Sling             |    91 |   219 |   292 |       ||   602
         Orcbow            |       |       |    87 |   358 ||   445
 Invoke: Heroism           |       |       |    17 |    12 ||    29
    Use: Scroll            |     3 |     4 |     7 |     6 ||    20
         Potion            |       |     2 |     2 |     3 ||     7
 Armour: Robe              |     5 |       |       |       ||     5
         Ring mail         |    35 |   106 |    90 |       ||   231
         Troll leather arm |       |       |    38 |    89 ||   127
  Dodge: Dodged            |    50 |   130 |   202 |   181 ||   563

Table legend:
 A = Non-vault XP
 B = Vault XP
 C = Vault XP percentage of total XP
 D = Non-vault monster count
 E = Vault monster count
 F = Vault count percentage of total count
                 A         B        C        D         E       F
            +---------+---------+-------+---------+---------+-------
      Total |    6388 |    6074 |  48.7 |     170 |      41 |  19.4
            +---------+---------+-------+---------+---------+-------
        D:1 |      27 |       0 |   0.0 |      15 |       0 |   0.0
        D:2 |      88 |      11 |  11.1 |      30 |       6 |  16.7
        D:3 |     162 |      38 |  19.0 |      23 |       2 |   8.0
        D:4 |     312 |       0 |   0.0 |      20 |       0 |   0.0
        D:5 |     761 |     495 |  39.4 |      17 |       4 |  19.0
        D:6 |     546 |      94 |  14.7 |      15 |       1 |   6.2
        D:7 |    1056 |     224 |  17.5 |      12 |       3 |  20.0
        D:8 |     537 |    1603 |  74.9 |      11 |       3 |  21.4
        D:9 |    1571 |     842 |  34.9 |      22 |      10 |  31.2
       D:10 |    1328 |    2328 |  63.7 |       5 |      11 |  68.8
     Lair:1 |       0 |     439 | 100.0 |       0 |       1 | 100.0
            +---------+---------+-------+---------+---------+-------
